 Dungeon Crawl Stone Soup version 0.18-a0-1311-g779ca93 (webtiles) character file.

48336 dalore the Basher (level 14, -25/195 HPs)
             Began as a Minotaur Berserker on Oct 9, 2015.
             Was an Elder of Trog.
             Annihilated by an Ice Fiend (37 damage)
             ... in an ice cave on Feb 13, 2016.
             The game lasted 02:21:28 (17368 turns).

dalore the Basher (Minotaur Berserker)             Turns: 17368, Time: 02:21:28

Health: -25/195    AC: 29    Str: 27    XL:     14   Next: 11%
Magic:  11/11      EV: 12    Int:  4    God:    Trog [****..]
Gold:   1885       SH: 13    Dex: 15    Spells: 0 memorised, 13 levels left

rFire  . . .     SeeInvis .     Z - +2 flail (drain)
rCold  . . .     Gourm    .     y - +3 plate armour {MR+}
rNeg   . . .     Faith    .     f - +0 shield
rPois  .         Spirit   .     (helmet restricted)
rElec  .         Dismiss  .     I - +0 cloak
rCorr  .         Reflect  .     l - +0 pair of gloves
SustAt .         Harm     .     G - +2 pair of boots
MR     +++..                    (no amulet)
Stlth  ..........               K - ring of protection from magic {MR+, !d}
                                i - +4 ring of protection

@: berserking (expiring), very quick, extremely resistant to hostile
enchantments, extremely unstealthy
A: retaliatory headbutt, horns 2, low mp 1
a: Berserk, Trog's Hand, Brothers in Arms, Burn Spellbooks, Renounce Religion


You were in an ice cave.
You worshipped Trog.
Trog was greatly pleased with you.
You were not hungry.

You visited 4 branches of the dungeon, and saw 18 of its levels.
You also visited: Bailey and Ice Cave.

You collected 2219 gold pieces.
You spent 334 gold pieces at shops.

Inventory:

Hand Weapons
 b - a +0 flail of protection
   (You took it off an orc on level 3 of the Orcish Mines)
 C - a +1 flail
   (You took it off an orc on level 3 of the Dungeon)
 F - a +0 morningstar
   (You took it off an orc on level 5 of the Dungeon)
 M - a +1 flail of holy wrath
   (You took it off an orc on level 11 of the Dungeon)
 Y - a +6 longbow of evasion
   (Trog gifted it to you on level 11 of the Dungeon)
 Z - a +2 flail of draining (weapon)
   (You took it off an orc on level 1 of the Orcish Mines)
Armour
 f - a +0 shield (worn)
   (You took it off a gnoll sergeant on level 1 of the Orcish Mines)
 l - a +0 pair of gloves (worn)
   (You found it on level 2 of the Dungeon)
 y - a +3 plate armour of magic resistance (worn)
   (You took it off an orc warrior on level 2 of the Orcish Mines)
 E - a +2 buckler
   (You bought it in a shop on level 1 of the Elven Halls)
 G - a +2 pair of boots (worn)
   (You found it on level 5 of the Dungeon)
 I - a +0 cloak (worn)
   (You found it on level 5 of the Dungeon)
Jewellery
 i - a +4 ring of protection (left hand)
   (You found it on level 1 of the Dungeon)
 K - a ring of protection from magic (right hand) {MR+, !d}
   (You took it off a centaur on level 7 of the Dungeon)
Wands
 a - a wand of confusion (44/48)
   (You found it on level 10 of the Dungeon)
 h - a wand of iceblast (4/15)
   (You took it off an orc on level 9 of the Dungeon)
 o - a wand of lightning (8/15)
   (You found it on level 10 of the Dungeon)
 v - a wand of lightning (9/15)
   (You found it on level 11 of the Dungeon)
 N - a wand of paralysis (13/24)
   (You found it on level 8 of the Dungeon)
Scrolls
 d - a scroll of fear {unknown}
 e - 5 scrolls of identify
 j - a scroll of magic mapping {unknown}
 k - a scroll of enchant weapon
 n - 3 scrolls of remove curse
 p - a scroll of amnesia {unknown}
 q - a scroll of noise {!r}
 r - 3 scrolls of blinking {!r}
 s - 3 scrolls of teleportation
 A - a scroll of recharging
 B - a scroll of fog {unknown}
 D - 3 scrolls of summoning
 J - a scroll of random uselessness {unknown}
 O - a scroll of acquirement {unknown}
 P - 3 scrolls of enchant armour
 T - a scroll of immolation {unknown}
Potions
 g - 9 potions of curing
 m - a potion of might
 u - 2 potions of invisibility
 w - a potion of lignification {!q}
 z - a potion of degeneration {!q}
 L - a potion of haste
Comestibles
 c - 4 bread rations {@e1}
 t - 25 royal jellies


   Skills:
 + Level 13.8 Fighting
 - Level 14.9 Maces & Flails
 + Level 13.2 Armour
 + Level 9.0 Dodging
 + Level 11.8 Shields


You had 13 spell levels left.
You didn't know any spells.

Dungeon Overview and Level Annotations

Branches:
Dungeon (12/15)            Temple (1/1) D:5            Lair (0/8) D:10
    Orc (4/4) D:11            Elf (1/3) Orc:3

Altars:
Ashenzari
Cheibriados
Dithmenos
Elyvilon
Fedhas
Gozag
Kikubaaqudgha
Makhleb
Nemelex Xobeh
Okawaru
Pakellas
Qazlal
Ru
Sif Muna
Trog
Vehumet
Xom
Yredelemnul
Zin
The Shining One

Shops:
D:6 *   Orc:3 :   Elf:1 :![?


Innate Abilities, Weirdness & Mutations

You reflexively headbutt those who attack you in melee.
You have a pair of horns on your head.
Your magical capacity is low (-10% MP).


Message History

The dire elephant simulacrum freezes you!!!
* * * LOW HITPOINT WARNING * * *
You block the dire elephant simulacrum's attack.
You now have 27/195 hp.
You bludgeon the dire elephant simulacrum!!
The dire elephant simulacrum vapourises!
Unknown command.
You feel a strong urge to attack something.
You feel your anger subside.
You are no longer berserk.
Trog's vigour flows through your veins.
You are exhausted.
You feel yourself slow down.
You are feeling very hungry.
You now have 19/130 hp.
You start resting.
You feel yourself speed up.
You regained 7 hp, and now have 26/130 hp.
You start resting.
You feel less exhausted.
You regained 3 hp, and now have 29/130 hp.
Eat which item? (? for menu, Esc to quit)
You continue eating. x2
You finish eating.
That bread ration really hit the spot!
You start resting.
You hear a distant blaring wail to the northeast.
You hear a distant blaring wail to the north.
Something unseen opens the door.
You regained 38 hp, and now have 67/130 hp.
You start resting.
You are too injured to fight recklessly!
There is an open door here.
Your skin crawls.
You feel resistant to hostile enchantments.
You feel slightly more hungry.
You are too injured to fight recklessly!
You hit the ice devil but do no damage. You sock the ice devil!
You headbutt the ice devil. You block the ice devil's attack.
You hit the ice devil. You headbutt the ice devil!
The ice devil hits you but does no damage.
You thump the ice devil!
You headbutt the ice devil, but do no damage.
You block the ice devil's attack.
You barely miss the ice devil. You headbutt the ice devil.
You kill the ice devil!
Trog accepts your kill.
You regained 2 hp, and now have 79/130 hp.
There is an open door here.
You regained 2 hp, and now have 83/130 hp.
Aim: an ice devil You throw a steel javelin.
The steel javelin hits the ice devil!!
An Ice Fiend comes into view.
There is an open door here.
You regained 2 hp, and now have 88/130 hp.
The Ice Fiend roars!
The Ice Fiend calls on the powers of darkness!
Your body is wracked with pain!
You take 43 damage, and have 47/130 hp.
MASSIVE DAMAGE!!
A red film seems to cover your vision as you go berserk!
You feel yourself moving faster!
You feel mighty!
You feel somewhat more hungry.
You feel the effects of Trog's Hand fading.
The Ice Fiend gestures at you.
The bolt of cold hits the ice devil.
The ice devil completely resists.
The bolt of cold hits you!
* * * LOW HITPOINT WARNING * * *
You now have 32/195 hp.
You are too berserk!
You are too injured to fight recklessly!
You sock the ice devil! Your headbutt misses the ice devil.
The ice devil hits you but does no damage.
You hit the ice devil. You thump the ice devil!
You kill the ice devil!
Trog accepts your kill.
There is an open door here.
You hit the Ice Fiend. You hit the Ice Fiend. You thump the Ice Fiend!
You headbutt the Ice Fiend! The Ice Fiend misses you.
The Ice Fiend claws you but does no damage.
You sock the Ice Fiend!
You headbutt the Ice Fiend, but do no damage.
You sock the Ice Fiend! Your headbutt misses the Ice Fiend.
Your skin stops crawling.
You feel less resistant to hostile enchantments.
The Ice Fiend claws you but does no damage.
The Ice Fiend barely misses you.
You hit the Ice Fiend but do no damage.
The Ice Fiend calls on the powers of darkness!
Your body is wracked with pain!
* * * LOW HITPOINT WARNING * * *
You take 18 damage, and have 20/195 hp.
You barely miss the Ice Fiend. You hit the Ice Fiend.
You headbutt the Ice Fiend! You hit the Ice Fiend.
You block the Ice Fiend's attack. The Ice Fiend claws you!
* * * LOW HITPOINT WARNING * * *
The Ice Fiend freezes you!!!
You die...

####1####
+....(..+
#.8...8.#
+.......+
#.8...8.###
+.......'.#
#.8...8.###
+.....1.'.#
#+#...#@###
#...#.# #...###
#...# ## #...# ##
#.4##'## 4#
###44#...#44###
#.####...####.#
##.............##


You could see an Ice Fiend.

Vanquished Creatures
  2 orc warlords (Orc:2)
  A stone giant (Orc:2)
  An ettin (Orc:2)
  Josephine (D:9)
  Erolcha (D:10)
  A dancing weapon (Elf:1)
  The ghost of kae the Arsonist, a journeyman DEFE of Vehumet (D:10)
  An orc high priest (Orc:3)
  A deep elf knight (Elf:1)
  A deep elf archer (Elf:1)
  A hill giant (D:11)
  5 orc knights
  5 deep elf magi
  An orc sorcerer (Orc:2)
  Joseph (D:8)
  2 ice statues (IceCv)
  A gargoyle (D:11)
  8 ice devils (IceCv)
  2 freezing wraiths (Elf:1)
  2 trolls
  2 polar bears (D:9)
  Prince Ribbit (D:9)
  A two-headed ogre (D:11)
  A queen bee (D:11)
  7 wraiths
  2 water elementals (Elf:1)
  11 yaks
  2 dire elephant simulacra (IceCv)
  Eustachio (D:4)
  5 wargs (Orc:2)
  2 hippogriffs
  A wolf (D:9)
  A hydra simulacrum (IceCv)
  Duvessa (D:5)
  34 orc warriors
  A sky beast (D:7)
  4 ice beasts
  3 black bears
  2 phantoms
  13 ogres
  6 centaurs
  2 big kobolds
  7 giant frogs
  An earth elemental (Elf:1)
  Dowan (D:5)
  A gnoll sergeant (Orc:1)
  A wyvern skeleton (D:7)
  3 scorpions
  30 killer bees
  4 wights (D:9)
  2 electric eels (D:9)
  3 crimson imps
  2 giant frog zombies
  7 hounds
  A quasit (D:8)
  8 jellies
  12 orc priests
  2 giant frog skeletons
  A gnoll shaman (D:5)
  6 iguanas
  19 orc wizards
  7 worker ants
  A giant frog simulacrum (D:9)
  2 centaur simulacra (D:9)
  A hound zombie (D:5)
  A hound skeleton (D:4)
  A killer bee simulacrum (D:9)
  10 gnolls
  12 adders
  A worker ant zombie (D:3)
  A shadow imp (D:7)
  3 white imps (D:9)
  An ufetubus (D:9)
  7 oozes
  2 adder skeletons
  2 worms (D:2)
  8 giant geckos
  117 orcs
  3 ball pythons
  3 giant cockroaches
  10 hobgoblins
  9 jackals
  15 kobolds
  A ball python skeleton (D:5)
  4 bats
  A giant gecko skeleton (D:7)
  13 giant newts
  11 goblins
  A jackal zombie (D:8)
  4 quokkas
  A quokka skeleton (D:5)
  7 rats
513 creatures vanquished.

Vanquished Creatures (collateral kills)
  2 orc knights (Bailey)
  An air elemental (Elf:1)
  9 orcs (Bailey)
12 creatures vanquished.

Grand Total: 525 creatures vanquished

Notes
Turn   | Place    | Note
--------------------------------------------------------------
     0 | D:1      | dalore the Minotaur Berserker began the quest for the Orb.
     0 | D:1      | Reached XP level 1. HP: 19/19 MP: 0/0
   263 | D:1      | Reached skill level 4 in Maces & Flails
   453 | D:1      | Reached skill level 4 in Fighting
   453 | D:1      | Reached XP level 2. HP: 24/27 MP: 1/1
  1041 | D:3      | Reached XP level 3. HP: 31/33 MP: 2/2
  1051 | D:3      | Reached * piety under Trog
  1201 | D:3      | Reached XP level 4. HP: 41/41 MP: 3/3
  1308 | D:3      | Reached skill level 5 in Maces & Flails
  1690 | D:2      | Reached skill level 3 in Dodging
  1813 | D:2      | HP: 10/41 [poisoned by an adder]
  1819 | D:2      | HP: 7/41 [poisoned by an adder]
  1825 | D:2      | HP: 5/41 [poisoned by an adder]
  1832 | D:2      | HP: 4/41 [poisoned by an adder]
  1840 | D:2      | HP: 3/41 [poisoned by an adder]
  2181 | D:2      | Reached XP level 5. HP: 43/47 MP: 4/4
  2460 | D:3      | Reached skill level 5 in Fighting
  2719 | D:4      | Reached skill level 4 in Dodging
  2813 | D:4      | Noticed Eustachio
  2827 | D:4      | Killed Eustachio
  2827 | D:4      | Reached XP level 6. HP: 56/56 MP: 5/5
  3024 | D:5      | Entered Level 5 of the Dungeon
  3055 | D:4      | Noticed an ice beast
  3072 | D:4      | Killed an ice beast
  3072 | D:4      | Reached skill level 6 in Maces & Flails
  3072 | D:4      | Reached skill level 5 in Dodging
  3198 | D:4      | Noticed an ogre
  3209 | D:4      | Killed an ogre
  3209 | D:4      | Reached XP level 7. HP: 42/62 MP: 6/6
  3294 | D:4      | Reached skill level 3 in Armour
  3432 | D:4      | Found an iron altar of Okawaru.
  3885 | D:4      | Reached skill level 6 in Dodging
  4049 | D:4      | Found an ancient bone altar of Kikubaaqudgha.
  4050 | D:4      | Found a blossoming altar of Fedhas.
  4096 | D:4      | Reached skill level 6 in Fighting
  4241 | D:5      | Gained mutation: Your magical capacity is low (-10% MP). [potion of mutation]
  4241 | D:5      | Gained mutation: Your magical capacity is very low (-20% MP). [potion of mutation]
  4242 | D:5      | Gained mutation: You are resistant to electric shocks. [potion of mutation]
  4242 | D:5      | Gained mutation: You possess an exceptional clarity of mind. [potion of mutation]
  4242 | D:5      | Gained mutation: You have supernaturally acute eyesight. [potion of mutation]
  4336 | D:5      | Reached skill level 1 in Shields
  4344 | D:5      | Reached skill level 4 in Armour
  4463 | D:5      | Noticed a hippogriff
  4476 | D:5      | Killed a hippogriff
  4476 | D:5      | Reached skill level 7 in Maces & Flails
  4476 | D:5      | Reached XP level 8. HP: 45/70 MP: 5/5
  4596 | D:5      | Noticed Duvessa
  4599 | D:5      | Noticed Dowan
  4603 | D:5      | Killed Duvessa
  4609 | D:5      | Killed Dowan
  4617 | D:5      | Upgraded the game from 0.17-a0-2014-g32cd421 to 0.18-a0-1311-g779ca93
  4664 | D:5      | Found a sacrificial altar of Ru.
  4670 | D:5      | Found a staircase to the Ecumenical Temple.
  4677 | Temple   | Entered the Ecumenical Temple
  5660 | D:5      | Reached skill level 5 in Armour
  5660 | D:5      | Reached skill level 2 in Shields
  5957 | D:6      | Found Mityfuot's Merry Market.
  5997 | D:6      | Found a shadowy altar of Dithmenos.
  6209 | D:7      | Reached skill level 7 in Fighting
  6209 | D:7      | Reached skill level 8 in Maces & Flails
  6209 | D:7      | Reached skill level 7 in Dodging
  6277 | D:6      | Reached skill level 6 in Armour
  6621 | D:7      | Found a sparkling altar of Nemelex Xobeh.
  6624 | D:7      | Found a white marble altar of Elyvilon.
  6637 | D:7      | Found an opulent altar of Gozag.
  6925 | D:7      | Reached XP level 9. HP: 79/79 MP: 6/6
  6929 | D:7      | Gained mutation: You are somewhat resistant to further mutation. [mutagenic meat]
  7047 | D:7      | Reached **** piety under Trog
  7196 | D:8      | Reached skill level 3 in Shields
  7498 | D:8      | Reached skill level 9 in Maces & Flails
  7561 | D:9      | Received a gift from Trog
  8090 | D:8      | Reached skill level 7 in Armour
  8102 | D:8      | Reached skill level 4 in Shields
  8236 | D:9      | Noticed Prince Ribbit
  8254 | D:8      | Reached skill level 8 in Fighting
  8800 | D:8      | Reached skill level 8 in Armour
  8823 | D:8      | Received a gift from Trog
  8858 | D:8      | Noticed Joseph
  8888 | D:8      | Killed Joseph
  8888 | D:8      | Reached skill level 10 in Maces & Flails
  8888 | D:8      | Reached XP level 10. HP: 69/90 MP: 7/7
  9086 | D:8      | Reached skill level 5 in Shields
  9311 | D:10     | Entered Level 10 of the Dungeon
  9311 | D:10     | Noticed Josephine
  9357 | D:9      | Killed Josephine
  9357 | D:9      | Reached skill level 9 in Fighting
  9413 | D:10     | Reached skill level 9 in Armour
  9556 | D:10     | Reached skill level 11 in Maces & Flails
  9582 | D:10     | Noticed kae's ghost (journeyman DEFE)
  9597 | D:10     | Killed kae's ghost
  9597 | D:10     | Reached skill level 6 in Shields
  9643 | D:10     | Found a staircase to the Lair.
  9657 | D:10     | Reached skill level 8 in Dodging
  9708 | D:10     | Found a flagged portal.
  9718 | Bailey   | Entered a bailey
 10070 | Bailey   | Noticed an orc knight
 10070 | Bailey   | Noticed an orc knight
 10077 | Bailey   | Noticed an orc knight
 10080 | Bailey   | Killed an orc knight
 10080 | Bailey   | Reached skill level 10 in Fighting
 10082 | Bailey   | Noticed an orc knight
 10086 | Bailey   | Killed an orc knight
 10086 | Bailey   | Reached XP level 11. HP: 99/99 MP: 7/7
 10092 | Bailey   | Killed an orc knight
 10095 | Bailey   | Killed an orc knight
 10151 | Bailey   | Noticed an orc knight
 10151 | Bailey   | Noticed an orc knight
 10164 | Bailey   | Killed an orc knight
 10164 | Bailey   | Reached skill level 7 in Shields
 10175 | Bailey   | Killed an orc knight
 10175 | Bailey   | Reached skill level 12 in Maces & Flails
 10290 | D:9      | Reached skill level 10 in Armour
 10322 | D:9      | Killed Prince Ribbit
 10728 | D:9      | Found a sacrificial altar of Ru.
 10728 | D:9      | Found a glowing silver altar of Zin.
 10729 | D:9      | Found a shimmering altar of Xom.
 10770 | D:9      | Reached ***** piety under Trog
 11116 | D:9      | Found an oddly glowing altar of Pakellas.
 11219 | D:9      | Found a basalt altar of Yredelemnul.
 11221 | D:9      | Noticed a profane servitor
 11351 | D:9      | Found a glowing golden altar of the Shining One.
 11508 | D:9      | Noticed an angel
 11559 | D:10     | Noticed Erolcha
 11583 | D:10     | Killed Erolcha
 11692 | D:10     | Reached skill level 11 in Fighting
 11769 | D:10     | Reached skill level 13 in Maces & Flails
 11892 | D:10     | Noticed a deep elf mage
 11901 | D:10     | Killed a deep elf mage
 12278 | D:11     | Reached skill level 8 in Shields
 12651 | D:11     | Found a staircase to the Orcish Mines.
 12697 | D:11     | Reached XP level 12. HP: 110/110 MP: 8/8
 12991 | D:11     | Reached skill level 11 in Armour
 13309 | D:11     | Received a gift from Trog
 13428 | Orc:1    | Entered Level 1 of the Orcish Mines
 13653 | Orc:2    | Noticed an orc warlord
 13671 | Orc:2    | Killed an orc warlord
 13671 | Orc:2    | Reached skill level 14 in Maces & Flails
 13906 | Orc:2    | Reached skill level 12 in Fighting
 13906 | Orc:2    | Reached skill level 10 in Shields
 13906 | Orc:2    | Reached XP level 13. HP: 117/119 MP: 9/9
 13922 | Orc:2    | Lost mutation: You possess an exceptional clarity of mind. [potion of cure mutation]
 13922 | Orc:2    | Lost mutation: You are resistant to electric shocks. [potion of cure mutation]
 13922 | Orc:2    | Lost mutation: You have supernaturally acute eyesight. [potion of cure mutation]
 13922 | Orc:2    | Lost mutation: You are somewhat resistant to further mutation. [potion of cure mutation]
 13922 | Orc:2    | Lost mutation: Your magical capacity is very low (-20% MP). [potion of cure mutation]
 14011 | Orc:2    | Noticed a stone giant
 14075 | Orc:2    | Killed a stone giant
 14075 | Orc:2    | Reached skill level 12 in Armour
 14689 | Orc:1    | Noticed an ettin
 14706 | Orc:2    | HP: 26/178 [ettin/dire flail (25)]
 14711 | Orc:2    | Killed an ettin
 15093 | Orc:3    | Found Vian Dut's Book Emporium.
 15209 | Orc:3    | Reached skill level 13 in Fighting
 15322 | Orc:3    | Found a staircase to the Elven Halls.
 15463 | Orc:4    | Entered Level 4 of the Orcish Mines
 15707 | Orc:2    | Noticed an orc warlord
 15724 | Orc:2    | Killed an orc warlord
 15951 | Elf:1    | Entered Level 1 of the Elven Halls
 16015 | Elf:1    | Found Loageo Zoduo's Armour Shop.
 16035 | Elf:1    | Reached skill level 11 in Shields
 16048 | Elf:1    | Found Kukunen's Magic Scroll Boutique.
 16173 | Elf:1    | Bought a +2 buckler for 280 gold pieces
 16201 | Elf:1    | Found Deumep's Distillery.
 16209 | Elf:1    | Bought a potion of curing for 54 gold pieces
 16248 | Elf:1    | Found Napsys's Book Shoppe.
 16290 | Elf:1    | Reached skill level 9 in Dodging
 16430 | Elf:1    | Reached skill level 13 in Armour
 16524 | Elf:1    | Found a frozen archway.
 16534 | Elf:1    | Reached XP level 14. HP: 129/129 MP: 11/11
 16549 | IceCv    | Entered an ice cave
 16617 | IceCv    | HP: 22/129 [ice devil (11)]
 16622 | IceCv    | HP: 11/193 [ice devil (9)]
 16622 | IceCv    | HP: 1/193 [ice devil (10)]
 17178 | IceCv    | HP: 27/195 [dire elephant simulacrum (37)]
 17349 | IceCv    | Noticed an Ice Fiend
 17355 | IceCv    | HP: 32/195 [Ice Fiend/bolt of cold (39)]
 17365 | IceCv    | HP: 20/195 [??? (18)]
 17368 | IceCv    | Annihilated by an Ice Fiend

Vault maps used:
D:1:      denvon_arrival_hothouse
D:3:      first_bread, lightli_sewer_entry_pipes
D:4:      grunt_temple_overflow_growth_and_decay, okawaru_trees_2,
          uniq_eustachio
D:5:      minmay_temple_entry_grid, basic_altar, minmay_misc_feat_room,
          uniq_duvessa
D:6:      overflow_temple_1_default, nicolae_alphabet_shops
D:7:      minitemple
D:8:      hangedman_little_slice_of_home, hangedman_decor_growths, uniq_joseph
D:9:      grunt_temple_overflow_holy_war, gammafunk_temple_overflow_claw,
          serial_ice, serial_ice_i, serial_ice_m, serial_ice_h, serial_ice_f,
          grunt_pakellas_salt, uniq_prince_ribbit1
D:10:     lair_0_dummy, enter_bailey_3, uniq_josephine, uniq_erolcha
D:11:     erik_orc_3, special_room, st_stairs_1
Temple:   temple_island_7
Orc:2:    serial_shops
Orc:3:    serial_shops, shop, nicolae_orc_damp_corner
Orc:4:    grunt_orc_community_town_hall, grunt_orc_community_big_house_2,
          grunt_orc_community_big_house_1, grunt_orc_community_house_1,
          grunt_orc_community_house_1, grunt_orc_community_house_3,
          grunt_orc_community_house_2, grunt_orc_community_house_3
Elf:1:    serial_shops, shop_statue, shop, shop, shop, shop,
          portal_ice_cave_entry_frozen_things, orc_legates, uniq_frances
Bailey:   bailey_polearm_5, bailey
IceCv:    ice_cave_tombish

Action                   |  1- 3 |  4- 6 |  7- 9 | 10-12 | 13-15 || total
-------------------------+-------+-------+-------+-------+-------++-------
Melee: Mace              |    62 |    82 |     6 |       |       ||   150
       Flail             |       |    17 |   102 |    78 |   433 ||   630
       Morningstar       |       |       |   233 |   568 |       ||   801
Throw: Javelin           |       |       |    38 |   121 |    18 ||   177
       Throwing net      |       |       |       |       |     6 ||     6
       Tomahawk          |       |       |       |       |     4 ||     4
Invok: Berserk           |     1 |     3 |     5 |    11 |    10 ||    30
       Trog's Hand       |       |     3 |     8 |    19 |    16 ||    46
       Burn Spellbooks   |       |       |     2 |       |     1 ||     3
       Brothers in Arms  |       |       |       |     2 |       ||     2
  Use: Scroll            |       |       |     9 |     1 |     5 ||    15
       Potion            |       |       |     3 |     2 |     9 ||    14
 Stab: Distracted        |       |       |       |     1 |       ||     1
       Paralysed         |       |       |       |       |     3 ||     3
  Eat: Chunk             |     1 |     5 |    20 |    21 |    17 ||    64
       Meat ration       |       |     1 |     1 |       |       ||     2
       Beef jerky        |       |       |     1 |     1 |       ||     2
       Fruit             |       |       |       |     2 |     3 ||     5
       Royal jelly       |       |       |       |     1 |     1 ||     2
       Bread ration      |       |       |       |     1 |     1 ||     2

Vault maps used:
D:1:      denvon_arrival_hothouse
D:3:      first_bread, lightli_sewer_entry_pipes
D:4:      grunt_temple_overflow_growth_and_decay, okawaru_trees_2,
          uniq_eustachio
D:5:      minmay_temple_entry_grid, basic_altar, minmay_misc_feat_room,
          uniq_duvessa
D:6:      overflow_temple_1_default, nicolae_alphabet_shops
D:7:      minitemple
D:8:      hangedman_little_slice_of_home, hangedman_decor_growths, uniq_joseph
D:9:      grunt_temple_overflow_holy_war, gammafunk_temple_overflow_claw,
          serial_ice, serial_ice_i, serial_ice_m, serial_ice_h, serial_ice_f,
          grunt_pakellas_salt, uniq_prince_ribbit1
D:10:     lair_0_dummy, enter_bailey_3, uniq_josephine, uniq_erolcha
D:11:     erik_orc_3, special_room, st_stairs_1
Temple:   temple_island_7
Orc:2:    serial_shops
Orc:3:    serial_shops, shop, nicolae_orc_damp_corner
Orc:4:    grunt_orc_community_town_hall, grunt_orc_community_big_house_2,
          grunt_orc_community_big_house_1, grunt_orc_community_house_1,
          grunt_orc_community_house_1, grunt_orc_community_house_3,
          grunt_orc_community_house_2, grunt_orc_community_house_3
Elf:1:    serial_shops, shop_statue, shop, shop, shop, shop,
          portal_ice_cave_entry_frozen_things, orc_legates, uniq_frances
Bailey:   bailey_polearm_5, bailey
IceCv:    ice_cave_tombish

Table legend:
 A = Turns spent in this place as a percentage of turns spent in the entire game.
 B = Non-inter-level travel turns spent in this place as a percentage of non-inter-level travel turns spent in the entire game.
 C = Inter-level travel turns spent in this place as a percentage of turns spent in this place.
 D = Turns resting spent in this place as a percentage of non-inter-level travel turns spent in this place.
 E = Turns spent auto-exploring this place as a percentage of non-inter-level travel turns spent in this place.
 F = Non-inter-level travel turns spent in this place divided by the number of levels of this place that you've seen.
                   A       B       C       D       E      F
               +-------+-------+-------+-------+-------+----------------------
         Total | 100.0 | 100.0 |   2.1 |   5.6 |  10.1 | 234.6
       Dungeon |  68.5 |  68.2 |   2.6 |   4.7 |  10.9 | 266.6
        Temple |   0.8 |   0.8 |   2.6 |   0.0 |  18.4 |  38.0
  Orcish Mines |  15.9 |  15.8 |   2.2 |   7.3 |   9.7 | 185.8
   Elven Halls |   5.0 |   5.1 |   0.4 |   5.9 |   7.1 | 238.0
        Bailey |   4.4 |   4.5 |   0.0 |   8.5 |  11.3 | 212.0
      Ice Cave |   5.4 |   5.6 |   0.0 |  10.7 |   2.3 | 261.0
               +-------+-------+-------+-------+-------+----------------------

Table legend:
 A = Kills in this place as a percentage of kills in entire the game.
 B = Kills by you in this place as a percentage of kills by you in the entire game.
 C = Kills by friends in this place as a percentage of kills by friends in the entire game.
 D = Other kills in this place as a percentage of other kills in the entire game.
 E = Experience gained in this place as a percentage of experience gained in the entire game.
 F = Experience gained in this place divided by the number of levels of this place that you have seen.
                   A       B       C       D       E      F
               +-------+-------+-------+-------+-------+----------------------
         Total | 100.0 | 100.0 | 100.0 |  -nan | 100.0 | 2425.1
       Dungeon |  70.1 |  71.7 |   0.0 |  -nan |  43.8 | 1772.2
  Orcish Mines |  17.3 |  17.7 |   0.0 |  -nan |  28.1 | 3401.5
   Elven Halls |   2.5 |   2.3 |   8.3 |  -nan |  11.7 | 5666.0
        Bailey |   7.6 |   5.7 |  91.7 |  -nan |   7.7 | 3758.0
      Ice Cave |   2.5 |   2.5 |   0.0 |  -nan |   8.7 | 4205.0
               +-------+-------+-------+-------+-------+----------------------
